 Dungeon Crawl Stone Soup version 0.24.1-14-gf8d2b509d9 (webtiles) character file.

Game seed: 4277820343717108616, levelgen mode: deterministic

23 mortelune the Insei (level 2, -1/18 HPs)
             Began as an Octopode Transmuter on May 17, 2020.
             Slain by a hound (5 damage)
             ... on level 2 of the Dungeon.
             The game lasted 00:02:24 (1537 turns).

mortelune the Insei (Octopode Transmuter)           Turns: 1537, Time: 00:02:25

Health: -1/18      AC:  1    Str:  9    XL:     2   Next: 95%
Magic:  5/5        EV: 13    Int: 15    God:
Gold:   41         SH:  0    Dex: 12    Spells: 2/5 levels left

rFire    . . .     SeeInvis .     - Unarmed
rCold    . . .     Gourm    .   (no shield)
rNeg     . . .     Faith    .   (helmet restricted)
rPois    .         Spirit   .   (no amulet)
rElec    .         Reflect  .   (no ring)
rCorr    .         Harm     .   (no ring)
MR       .....                  (no ring)
Stlth    ++........             (no ring)
HPRegen  0.06/turn              (no ring)
MPRegen  0.09/turn              (no ring)
                                (no ring)
                                (no ring)

@: confused, very slightly contaminated, invisible
A: almost no armour, stealthy swim, amphibious, 8 rings, constrict 8, camouflage
1, gelatinous body 1
a: no special abilities


You were on level 2 of the Dungeon.
You were near starving.

You visited 1 branch of the dungeon, and saw 2 of its levels.

You collected 41 gold pieces.

Inventory:

Missiles
 e - 53 arrows
 f - 2 boomerangs of dispersal (quivered)
Jewellery
 g - a +2 ring of intelligence {unknown}
 Q - a cursed -3 ring of slaying {unknown}
Scrolls
 a - a scroll of immolation
Potions
 b - a potion of invisibility
Comestibles
 c - 2 rations


   Skills:
 + Level 1.3 Fighting
 + Level 2.2 Dodging
 + Level 3.1 Unarmed Combat
 * Level 2.3 Spellcasting
 * Level 2.4 Transmutations


You had 2 spell levels left.
You knew the following spells:

 Your Spells              Type           Power        Failure   Level  Hunger
a - Beastly Appendage     Tmut           #.....       8%          1    #......
b - Sticks to Snakes      Tmut           #.......     12%         2    ###....

Your spell library contained the following spells:

 Spells                   Type           Power        Failure   Level  Hunger
 Spider Form              Tmut/Pois      #.........   36%         3    ###....
 Ice Form                 Ice/Tmut       #.......     78%         4    #####..
 Blade Hands              Tmut           #.........   91%         5    ######.


Dungeon Overview and Level Annotations

Branches:
Dungeon (2/15)

Altars:

Annotations:
D:2 Sigmund


Innate Abilities, Weirdness & Mutations

You cannot wear most types of armour.
You are very stealthy in the water. (Stealth+)
You are amphibious.
You can wear up to eight rings at the same time.
You can use your tentacles to constrict eight enemies at once.
Your skin changes colour to match your surroundings (Stealth+).
Your rubbery body absorbs attacks. (AC +1, EV +1)


Message History

b - 2 potions of invisibility Sigmund misses you.
You fade into invisibility!
Sigmund casts a spell at you. The puff of flame misses you.
You are very lightly contaminated with residual magic.
Sigmund casts a spell at something.
The puff of flame hits you!
Ouch! That really hurt!
* * * LOW HITPOINT WARNING * * *
Okay, then.
The hound barks!
Sigmund casts a spell.
Sigmund flickers and vanishes!
Deactivating autopickup; reactivate with Ctrl-A.
A dart slug comes into view.
You are confused.
You bump into the rock wall.
You bump into the rock wall.
The hound misses you. The hound bites you.
You die...

#...## #.#
...... #.#
....### #.#
......
O.#####.#
#.....
........#
###.## #<# .#
#.# . #.# # ##.
..### #@# #
###.....
..O..##h#####.#
<.......
#...h.........#
###..###
w.......#######
# # #.##.##.#
#. #.# . #.# .
##.# .. #..#


You could see a hound.

Vanquished Creatures
  An ooze (D:2)
  A worm (D:2)
  A leopard gecko (D:1)
  2 bats
  A giant cockroach (D:1)
  3 goblins
  A hobgoblin (D:1)
  A frilled lizard (D:1)
  2 kobolds
  3 rats
16 creatures vanquished.

Vanquished Creatures (others)
  4 toadstools (D:1)
4 creatures vanquished.

Grand Total: 20 creatures vanquished

Notes
Turn   | Place    | Note
-------+----------+-------------------------------------------
     0 | D:1      | mortelune the Octopode Transmuter began the quest for the
                  | Orb.
     0 | D:1      | Reached XP level 1. HP: 13/13 MP: 3/3
   579 | D:1      | Reached XP level 2. HP: 15/18 MP: 5/5
   826 | D:1      | Learned a level 2 spell: Sticks to Snakes
   990 | D:2      | Noticed an ogre
  1511 | D:2      | Noticed Sigmund
  1537 | D:2      | Slain by a hound

Levels and vault maps discovered:
D:1:      ldierk_walled_garden_2, layout_loops_ring
D:2:      layout_loops_ring, gammafunk_temple_overflow_forgotten, uniq_sigmund

Action                   || total
-------------------------++-------
Melee: Unarmed           ||    49
       Constrict         ||    13
       Punch             ||     1
       Tentacles         ||     4
  Use: Scroll            ||     2
       Potion            ||     1
 Stab: Sleeping          ||     3
Armor: Skin              ||     6
Dodge: Dodged            ||    43
